 Dungeon Crawl Stone Soup version 0.21.0 (webtiles) character file.

999 Mgcat the Digger (level 8, -3/42 HPs)
             Began as a Gargoyle Earth Elementalist on Jan 7, 2018.
             Was a Follower of Vehumet.
             Slain by Duvessa
             ... wielding a +0 short sword
              (11 damage)
             ... on level 6 of the Dungeon.
             The game lasted 00:24:46 (7574 turns).

Mgcat the Digger (Gargoyle Earth Elementalist)      Turns: 7574, Time: 00:24:46

Health: -3/42      AC: 12    Str: 12    XL:     8   Next: 19%
Magic:  1/15       EV: 12    Int: 18    God:    Vehumet [*.....]
Gold:   344        SH:  0    Dex: 13    Spells: 6/16 levels left

rFire    . . .     SeeInvis +   x - staff of energy
rCold    . . .     Gourm    .   (no shield)
rNeg     + . .     Faith    .   c - +0 robe
rPois    ∞         Spirit   .   (no helmet)
rElec    +         Reflect  .   (no cloak)
rCorr    .         Harm     .   l - +2 pair of gloves {Dex+3}
MR       .....                  r - +1 pair of boots
Stlth    ++........             (no amulet)
HPRegen  0.14/turn              g - ring of see invisible
MPRegen  0.14/turn              (no ring)

@: no status effects
A: negative energy resistance 1, electricity resistance, unbreathing,
petrification resistance, rot immunity, AC +5
a: Renounce Religion


You were on level 6 of the Dungeon.
You worshipped Vehumet.
Vehumet was aware of your devotion.
You were not hungry.

You visited 1 branch of the dungeon, and saw 6 of its levels.

You collected 388 gold pieces.
You spent 44 gold pieces at shops.

Inventory:

Hand Weapons
 w - a +1 whip of flaming
Missiles
 b - 131 stones (quivered)
Armour
 c - a +0 robe (worn)
 l - a +2 pair of gloves of dexterity (worn)
 r - a +1 pair of boots (worn)
Magical Staves
 x - an uncursed staff of energy (weapon)
Jewellery
 g - a ring of see invisible (left hand)
Wands
 f - a wand of acid (9)
 y - a wand of flame (26)
Scrolls
 h - a scroll of teleportation
 i - 2 scrolls of remove curse
 k - 2 scrolls of enchant weapon {unknown}
 m - 2 scrolls of enchant armour
 n - 5 scrolls of identify
 o - a scroll of noise {unknown}
 q - 2 scrolls of magic mapping
 t - 2 scrolls of immolation
 v - 2 scrolls of fog {unknown}
Potions
 a - 2 potions of cancellation {unknown}
 j - 2 potions of heal wounds {unknown}
 s - a potion of haste {unknown}
 z - a potion of agility {unknown}
Books
 e - a book of Geomancy

   Spells                             Type                      Level
   a - Sandblast                      Earth                        1
   b - Passwall                       Transmutation/Earth          2
   c - Stone Arrow                    Conjuration/Earth            3
   d - Petrify                        Transmutation/Earth          4
   e - Lee's Rapid Deconstruction     Earth                        5
Comestibles
 d - 4 rations


   Skills:
 + Level 0.8 Fighting
 + Level 1.9 Dodging
 - Level 2.4 Stealth
 + Level 4.9 Spellcasting
 + Level 4.4 Conjurations
   Level 0.7 Transmutations
 + Level 0.6 Fire Magic
 + Level 6.9 Earth Magic
 + Level 2.9 Evocations


You had 6 spell levels left.
You knew the following spells:

 Your Spells              Type           Power        Failure   Level  Hunger
a - Sandblast             Erth           ####..       1%          1    None
b - Stone Arrow           Conj/Erth      ###...       3%          3    None
c - Lee's Rapid Deconstr  Erth           ####......   22%         5    None
d - Flame Tongue          Conj/Fire      ##...        4%          1    None


Dungeon Overview and Level Annotations

Branches:
Dungeon (6/15)             Temple (0/1) D:4

Altars:
Cheibriados
Elyvilon
Hepliaklqana
Kikubaaqudgha
Qazlal
Sif Muna
Vehumet
Wu Jian

Shops:
D:5 *

Annotations:
D:6 Duvessa


Innate Abilities, Weirdness & Mutations

You are resistant to torment.
Your stone body is resilient. (AC +5)
You are immune to poison.
You resist negative energy. (rN+)
You are resistant to electric shocks. (rElec)
You can survive without breathing.
You are immune to petrification.
You are immune to rotting.


Message History

Aiming: Sandblast
Press: ? - help, Shift-Dir - straight line, f/p - Duvessa
Aim: Duvessa, wielding a short sword and wearing a leather armour (heavily wounded, berserk, fast, unusually strong)
The blast of sand hits Duvessa.
Duvessa is heavily wounded.
b - 132 stones Duvessa hits you with a short sword.
* * * LOW HITPOINT WARNING * * *
Duvessa hits you but does no damage.
Casting: Sandblast
Confirm with . or Enter, or press ? or * to list all spells.
Aiming: Sandblast
Press: ? - help, Shift-Dir - straight line, f/p - Duvessa
Aim: Duvessa, wielding a short sword and wearing a leather armour (moderately wounded, berserk, fast, unusually strong)
The blast of sand hits Duvessa.
Duvessa is heavily wounded.
b - 131 stones Duvessa hits you but does no damage.
Duvessa hits you with a short sword!
You die...

#.######.# #.# #(#
#### #.# #.########
#... #.# #........#
#.[.
#.#############.###.._
#.....# #.......
#####.# #####... #.#
#### #@# #e# #.# #.#
#)# ... .#.#. .......
## #.# ##


You could see Duvessa (berserk).

Vanquished Creatures
  An ice beast (D:5)
  A centaur (D:5)
  Dowan (D:6)
  A scorpion (D:5)
  A crimson imp (D:5)
  A bullfrog zombie (D:5)
  A hound (D:5)
  A bullfrog skeleton (D:6)
  A jelly (D:5)
  5 orc priests
  A centaur skeleton (D:4)
  5 orc wizards
  A worker ant (D:5)
  A hound zombie (D:4)
  Robin (D:2)
  3 gnolls (D:2)
  5 adders
  A shadow imp (D:5)
  3 adder skeletons
  A worm (D:3)
  A dart slug (D:2)
  2 leopard geckos
  28 orcs
  3 bats
  A giant cockroach (D:4)
  18 goblins
  5 hobgoblins
  5 kobolds
  3 quokkas
  2 ball pythons
  6 frilled lizards
  A jackal skeleton (D:5)
  A quokka skeleton (D:6)
  4 rats
116 creatures vanquished.

Notes
Turn   | Place    | Note
-------+----------+-------------------------------------------
     0 | D:1      | Mgcat the Gargoyle Earth Elementalist began the quest for the Orb.
     0 | D:1      | Reached XP level 1. HP: 10/10 MP: 3/3
     3 | D:1      | Noticed an electric eel
     3 | D:1      | Noticed an electric eel
   965 | D:2      | Reached XP level 2. HP: 15/15 MP: 5/5
  1084 | D:2      | Noticed Robin
  1093 | D:2      | Reached skill level 4 in Earth Magic
  1291 | D:2      | Reached XP level 3. HP: 19/19 MP: 3/6
  1348 | D:2      | Found a stormy altar of Qazlal.
  1449 | D:2      | Found a white marble altar of Elyvilon.
  1730 | D:2      | Learned a level 3 spell: Stone Arrow
  1736 | D:2      | Reached XP level 4. HP: 23/24 MP: 5/8
  1878 | D:2      | Killed Robin
  2023 | D:2      | Reached skill level 1 in Conjurations
  2140 | D:2      | Reached skill level 5 in Earth Magic
  2140 | D:2      | Reached XP level 5. HP: 3/28 MP: 7/10
  3516 | D:4      | Found a radiant altar of Vehumet.
  3901 | D:4      | Found a staircase to the Ecumenical Temple.
  3909 | D:4      | Became a worshipper of Vehumet
  3979 | D:4      | Reached XP level 6. HP: 32/32 MP: 6/11
  4395 | D:4      | Found a snail-covered altar of Cheibriados.
  4413 | D:4      | Found an ornate altar of the Wu Jian Council.
  4569 | D:4      | Found a hazy altar of Hepliaklqana.
  4615 | D:5      | Entered Level 5 of the Dungeon
  4619 | D:5      | Reached skill level 1 in Evocations
  5159 | D:5      | Reached skill level 6 in Earth Magic
  5159 | D:5      | Reached XP level 7. HP: 29/36 MP: 3/13
  5166 | D:5      | Learned a level 5 spell: Lee's Rapid Deconstruction
  5246 | D:5      | Found Coqeowoh's General Store.
  5431 | D:5      | Bought a scroll of identify for 22 gold pieces
  5431 | D:5      | Bought a scroll of identify for 22 gold pieces
  5501 | D:5      | Reached * piety under Vehumet
  5501 | D:5      | Offered knowledge of Flame Tongue by Vehumet.
  5504 | D:5      | Learned a level 1 spell: Flame Tongue
  6723 | D:5      | Reached XP level 8. HP: 41/41 MP: 8/15
  6820 | D:5      | Found a deep blue altar of Sif Muna.
  7518 | D:6      | Found an ancient bone altar of Kikubaaqudgha.
  7558 | D:6      | Noticed Dowan
  7560 | D:6      | Noticed Duvessa
  7561 | D:6      | Killed Dowan
  7574 | D:6      | Slain by Duvessa

Skill      XL: |  1  2  3  4  5  6  7 |
---------------+----------------------+-----
Earth Magic    | 4 5 6 |  6.9
Spellcasting   | 3 4 |  4.9
Conjurations   | 1 2 3 4 |  4.4
Evocations     | 1 2 |  2.9
Fighting       | |  0.8
Dodging        | |  1.9
Stealth        | |  2.4
Transmutations | |  0.7
Fire Magic     | |  0.6

Action                   |  1- 3 |  4- 6 |  7- 9 || total
-------------------------+-------+-------+-------++-------
Melee: Club              |    97 |    75 |       ||   172
       Unarmed           |     3 |       |       ||     3
       Staff             |       |    57 |     3 ||    60
 Cast: Sandblast         |    10 |    56 |    24 ||    90
       Stone Arrow       |       |    16 |    49 ||    65
Evoke: Staff of energy   |       |     2 |     5 ||     7
  Use: Scroll            |       |     5 |       ||     5
 Stab: Sleeping          |     2 |     2 |       ||     4
  Eat: Chunk             |     3 |    11 |     7 ||    21
Armor: Robe              |    25 |    82 |    22 ||   129
Dodge: Dodged            |    70 |   102 |    15 ||   187
